 Dungeon Crawl Stone Soup version 0.30.1-3-gfc49f6343a (webtiles) character file.

Game seed: 7274827064546965419

36985 spardeous the Placeless Demigod (level 13, -10/104 HPs)
             Began as a Demigod Conjurer on Aug 1, 2023.
             Killed from afar by a rime drake (17 damage)
             ... with an icy flash freeze
             ... on level 3 of the Lair of Beasts.
             The game lasted 00:44:42 (24651 turns).

spardeous the Placeless Demigod (Demigod Conjurer) Turns: 24651, Time: 00:44:44

Health: -10/104    AC:  9    Str: 15    XL:     13   Next: 24%
Magic:  0/31       EV: 11    Int: 40    God:
Gold:   355        SH:  4    Dex: 18    Spells: 3/32 levels left

rFire   . . .        p - +7 demon trident of the Cursing Augurer {venom, rC+ Will- Str+3 Int+8}
rCold   + . .        x - +0 buckler
rNeg    . . .        Y - +0 troll leather armour
rPois   .            (no helmet)
rElec   .            M - +0 cloak
rCorr   +            (no gloves)
SInv    .            (no boots)
Will    ++...        (no amulet)
Stlth   ++           h - +4 ring of protection
HPRegen 1.17/turn    J - ring of the Monkey {Will++ rCorr Dex+6}
MPRegen 0.22/turn

%: no passive effects
@: about to teleport, studying Dodging
A: high MP 1, forlorn, divine attributes
a: no special abilities


You were on level 3 of the Lair of Beasts.
You visited 2 branches of the dungeon, and saw 14 of its levels.
You also visited: Bailey.

You collected 982 gold pieces.
You spent 627 gold pieces at shops.

Inventory:

Hand Weapons
 p - the +7 demon trident of the Cursing Augurer (weapon) {venom, rC+ Will- Str+3 Int+8}
   (You acquired it on level 10 of the Dungeon)

   Str:       It affects your strength (+3).
   Int:       It affects your intelligence (+8).
   rC:        It protects you from cold.
   Will:      It decreases your willpower.
 T - the +4 dagger "Ceporet" {holy, rF+ rN+ Int-2}
   (You took it off an orc on level 8 of the Dungeon)

   Int:       It affects your intelligence (-2).
   rF:        It protects you from fire.
   rN:        It protects you from negative energy.
 U - the +1 great mace "Ricw" {heavy, Int+5 Dex+3 Stlth+}
   (You took it off an orc in a bailey)

   Int:       It affects your intelligence (+5).
   Dex:       It affects your dexterity (+3).
   Stlth:     It makes you more stealthy.
 V - a +9 broad axe
Armour
 x - a +0 buckler (worn)
 D - a scarf of harm
 M - a +0 cloak (worn)
 W - a +0 kite shield
 Y - a +0 troll leather armour (worn)
Jewellery
 c - a ring of ice
 f - a +6 ring of intelligence
 h - a +4 ring of protection (left hand)
 C - a ring of wizardry
 F - a +6 ring of strength
 J - the ring of the Monkey (right hand) {Will++ rCorr Dex+6}
   (You took it off a gnoll sergeant on level 7 of the Dungeon)

   [ring of dexterity]

   Dex:       It affects your dexterity (+6).
   rCorr:     It protects you from acid and corrosion.
   Will:      It greatly increases your willpower.
 K - a ring of protection from fire
 O - a ring of protection from cold
Wands
 s - a wand of polymorph (15)
 v - a wand of flame (88)
 y - a wand of paralysis (27)
 B - a wand of mindburst (18)
 E - a wand of quicksilver (12)
 L - a wand of iceblast (17)
 R - a wand of digging (6)
Scrolls
 d - 3 scrolls of fog
 e - 4 scrolls of noise {unknown}
 g - 11 scrolls of teleportation
 i - a scroll of torment
 k - 3 scrolls of enchant armour {unknown}
 l - 6 scrolls of blinking {unknown}
 q - a scroll of brand weapon
 r - a scroll of poison {unknown}
 t - 4 scrolls of fear {unknown}
 u - a scroll of amnesia {unknown}
 A - 3 scrolls of vulnerability
 I - a scroll of butterflies
 P - a scroll of enchant weapon
 Q - a scroll of silence
Potions
 b - 2 potions of magic
 j - a potion of degeneration
 m - 5 potions of invisibility
 n - 5 potions of brilliance {unknown}
 o - 4 potions of haste
 w - 2 potions of heal wounds
 z - 4 potions of lignification
 G - 2 potions of mutation
 H - 3 potions of attraction
 N - a potion of berserk rage
 S - 2 potions of curing
 X - 3 potions of flight
 Z - a potion of ambrosia


   Skills:
 - Level 6.6 Fighting
 - Level 1.7 Dodging
 - Level 1.7 Stealth
 - Level 10.0 Spellcasting
 - Level 10.2 Conjurations
 - Level 3.8 Necromancy
 - Level 11.0 Translocations
 + Level 6.8 Transmutations
 + Level 6.8 Earth Magic


You had 3 spell levels left.
You knew the following spells:

 Your Spells              Type           Power      Damage    Failure   Level
a - Magic Dart            Conj           100%       1d8       1%          1
b - Searing Ray           Conj           100%       2d8       1%          2
c - Iskenderun's Mystic   Conj/Tloc      81%        2d16      1%          4
d - Iskenderun's Battles  Conj           80%        2d13      1%          5
e - Iron Shot             Conj/Erth      36%        9d7       14%         6
f - Borgnjor's Vile Clut  Necr/Erth      29%        N/A       10%         5
g - Statue Form           Tmut/Erth      44%        N/A       28%         6

Your spell library contained the following spells:

 Spells                   Type           Power      Damage    Failure   Level
 Dazzling Flash           Conj/Hex       100%       N/A       1%          3
 Portal Projectile        Hex/Tloc       100%       N/A       1%          3
 Vhi's Electric Charge    Tloc/Air       100%       N/A       1%          3
 Call Canine Familiar     Summ           20%        N/A       9%          3
 Inner Flame              Hex/Fire       20%        N/A       9%          3
 Petrify                  Tmut/Erth      66%        N/A       1%          4
 Flame Wave               Conj/Fire      57%        2d14      3%          4
 Fulminant Prism          Conj/Hex       28%        3d14      3%          4
 Sticky Flame             Conj/Fire      57%        2d7       3%          4
 Blade Hands              Tmut           33%        N/A       4%          5
 Animate Armour           Summ/Erth      94%        N/A       8%          4
 Leda's Liquefaction      Hex/Erth       23%        N/A       8%          4
 Arcjolt                  Conj/Air       28%        1d38      11%         5
 Alistair's Intoxication  Tmut/Pois      31%        N/A       21%         5
 Metabolic Englaciation   Hex/Ice        10%        N/A       63%         5
 Eringya's Noxious Bog    Tmut/Pois      23%        N/A       75%         6
 Spellforged Servitor     Conj/Summ      28%        N/A       97%         7
 Plasma Beam              Fire/Air       10%        2x1d23    99%         6


Dungeon Overview and Level Annotations

Branches:
Dungeon (11/15)            Temple (0/1) D:6            Lair (3/5) D:8
  Snake (0/4) Lair:2          Orc (0/2) D:11         Bailey (visited)
  Swamp: Lair:2-3    Shoals: Lair:2-3

Shops:
D:3 :   D:8 *   D:11 *


Innate Abilities, Weirdness & Mutations

You have an increased reservoir of magic. (+10% MP)
You shall have no god before yourself.
Your divine heritage dramatically boosts your attributes as you level up.


Message History

You take 17 damage, and have 17/104 hp.
Okay, then.
Okay, then.
You feel much better.
You are engulfed in a cloud of scalding steam.
The steam dragon bites you but does no damage.
You block the steam dragon's attack. The steam dragon bites you!
* * * LOW HITPOINT WARNING * * *
The steam dragon claws you but does no damage.
The steam dragon closely misses you.
The steam dragon claws you but does no damage.
You regained 9 hp, and now have 26/104 hp.
Casting: Iskenderun's Mystic Blast (safe; 1% risk of failure)
Confirm with . or Enter, or press ? or * to list all spells.
You erupt in a blast of force!
The mystic blast hits the steam dragon.
The steam dragon is lightly wounded.
The steam dragon is knocked back by the mystic blast.
The mystic blast hits the steam dragon!
The steam dragon is heavily wounded.
The steam dragon is knocked back by the mystic blast.
The mystic blast hits the rime drake!
The rime drake is severely wounded.
The rime drake is knocked back by the mystic blast.
The mystic blast hits the steam dragon!!
You kill the steam dragon!
You now have 0/31 mp.
As you read the scroll labelled VULLIAM ZIDGHY, it crumbles to dust.
You feel strangely unstable.
It was a scroll of teleportation.
You regained 2 hp, and now have 29/104 hp.
Reach: p) +7 demon trident of the Cursing Augurer {venom, rC+ Will- Str+3 Int+8}
Press: ? - help, Dir - move target, f - steam dragon, p - rime drake
Aim: a steam dragon (severely wounded, poisoned, catching its breath, about 30% to evade the +7 demon trident of the Cursing Augurer)
You reach to attack!
You completely miss the steam dragon.
The steam dragon is severely wounded.
The steam dragon breathes steam at you. The ball of steam hits you!!
* * * LOW HITPOINT WARNING * * *
The rime drake breathes ice at you. The icy flash freeze hits you!
You partially resist.
You die...

#.#........# ...
#.#.........# ...#
###.........## ....#
##...........###
.....###............§.#
#................†...P#
#...................#
#...#..†.....§.....#
#....##†.D.D@§§....#
.......###.[..D.......#
.....S. #.†.....k....#
.....k. #............#
....... #.†..........#
....... ##...........#
....... #...........##
....... #............#
#...........P#


You could see a rime drake (catching breath) and 3 steam dragons.

Vanquished Creatures
  A sphinx (D:11)
  An orc warlord (Bailey)
  2 ettins (D:11)
  Erica (Lair:1)
  2 two-headed ogres
  A boulder beetle (D:11)
  Amaemon (D:10)
  A skyshark (Lair:2)
  The ghost of BillyBaka the Covered, a novice AtFi of Gozag (D:6)
  The ghost of croobank the Shield-Bearer, a novice GnFi of Hepliaklqana (D:7)
  Pikel (D:7)
  3 black mambas
  10 centaur zombies (D:10)
  A gargoyle (D:11)
  7 cane toads
  Maurice (D:9)
  An orange demon (D:10)
  Maggie (Lair:1)
  A kobold demonologist (D:6)
  5 komodo dragons
  A tengu conjurer (D:11)
  Psyche (D:8)
  4 rime drakes
  A troll (D:10)
  Grinder (D:6)
  3 shadows
  37 yaks
  A wraith (D:11)
  A slime creature (D:11)
  2 wyverns
  Grum (D:8)
  Edmund (D:6)
  3 basilisks
  Menkaure (D:4)
  8 steam dragons
  3 wargs (D:8)
  12 water moccasins
  An ice beast (D:8)
  15 orc warriors
  A sky beast (D:8)
  4 centaurs
  13 wolves
  4 lemures (D:7)
  2 phantoms
  15 kobold brigands
  4 gnoll sergeants (D:7)
  5 scorpions
  9 bullfrogs
  14 wights
  11 killer bees
  3 howler monkeys (D:11)
  4 jellies
  3 hounds
  Crazy Yiuf (D:7)
  13 orc priests
  Ijyb (D:4)
  A sleepcap (D:5)
  2 gnoll boudas
  3 iguanas
  7 orc wizards
  6 ogre zombies (D:11)
  24 gnolls
  8 adders
  3 white imps
  An ufetubus (D:5)
  2 worms (D:2)
  2 dart slugs
  45 orcs
  10 ball pythons
  8 bats
  4 endoplasms
  5 giant cockroaches
  20 goblins
  11 hobgoblins
  6 jackals (D:3)
  5 quokkas
  5 frilled lizards
  A goblin skeleton (D:11)
  A goblin zombie (D:11)
  A hobgoblin zombie (D:11)
  35 kobolds
  4 orc skeletons (D:11)
  12 orc zombies (D:11)
  8 rats
487 creatures vanquished.

Vanquished Creatures (others)
  2 steam dragons (Lair:3)
2 creatures vanquished.

Grand Total: 489 creatures vanquished

Notes
Turn   | Place    | Note
-------+----------+-------------------------------------------
     0 | D:1      | spardeous the Demigod Conjurer began the quest for the Orb.
     0 | D:1      | Reached XP level 1. HP: 14/14 MP: 5/5
   394 | D:1      | Reached XP level 2. HP: 20/20 MP: 1/7
  1589 | D:2      | Reached XP level 3. HP: 26/26 MP: 7/9
  1711 | D:2      | Learned a level 2 spell: Searing Ray
  2397 | D:2      | Reached XP level 4. HP: 32/33 MP: 5/11
  2889 | D:3      | Found Iduller's Book Emporium.
  3221 | D:3      | Reached XP level 5. HP: 38/38 MP: 11/13
  3329 | D:3      | Reached skill level 5 in Conjurations
  3932 | D:2      | Learned a level 4 spell: Iskenderun's Mystic Blast
  4187 | D:4      | Noticed Menkaure
  4194 | D:4      | Killed Menkaure
  4195 | D:4      | Reached XP level 6. HP: 45/45 MP: 6/15
  4409 | D:4      | Noticed Ijyb
  4415 | D:4      | Paralysed by Ijyb for 3 turns
  4432 | D:4      | Paralysed by Ijyb for 2 turns
  4444 | D:4      | Killed Ijyb
  4687 | D:4      | Reached XP level 7. HP: 38/50 MP: 8/17
  4837 | D:4      | Reached skill level 5 in Spellcasting
  5337 | D:5      | Entered Level 5 of the Dungeon
  6001 | D:5      | Reached skill level 1 in Translocations
  6608 | D:6      | Reached skill level 2 in Translocations
  6916 | D:6      | Found a staircase to the Ecumenical Temple.
  6920 | D:6      | Reached XP level 8. HP: 31/57 MP: 16/20
  7050 | D:6      | Found a runed translucent gate.
  7051 | D:6      | Found a runed translucent gate.
  7052 | D:6      | Found a runed translucent gate.
  7054 | D:6      | Noticed a kobold demonologist
  7055 | D:6      | Noticed BillyBaka's ghost (novice AtFi)
  7183 | D:6      | Noticed Edmund
  7201 | D:6      | Killed Edmund
  7202 | D:6      | Reached skill level 3 in Translocations
  8007 | D:6      | Noticed Grinder
  8014 | D:6      | Killed Grinder
  8015 | D:6      | Reached skill level 4 in Translocations
  8439 | D:7      | Reached XP level 9. HP: 58/62 MP: 17/23
  8514 | D:7      | Found a runed translucent door.
  8515 | D:7      | Noticed Crazy Yiuf
  8711 | D:7      | Reached skill level 5 in Translocations
  8841 | D:7      | Noticed Pikel
  9035 | D:7      | Killed Pikel
  9138 | D:7      | Identified the ring of the Monkey {Will++ rCorr Dex+6}
  9228 | D:7      | Found a transporter.
  9240 | D:7      | Found a transporter.
  9491 | D:7      | Killed Crazy Yiuf
  9702 | D:8      | Learned a level 5 spell: Iskenderun's Battlesphere
  9777 | D:8      | Reached skill level 6 in Translocations
  9804 | D:8      | Identified the +4 dagger "Ceporet" {holy, rF+ rN+ Int-2}
  9973 | D:8      | Noticed a two-headed ogre
  9979 | D:8      | Killed a two-headed ogre
 10240 | D:8      | Reached XP level 10. HP: 32/69 MP: 19/26
 10773 | D:8      | Noticed Grum
 10783 | D:8      | Killed Grum
 10904 | D:8      | Found a staircase to the Lair.
 10997 | D:8      | Found Utyhotz's Assorted Antiques.
 11035 | D:8      | Reached skill level 7 in Translocations
 11229 | D:8      | Noticed Psyche
 11242 | D:8      | Killed Psyche
 12439 | D:6      | Reached skill level 10 in Conjurations
 12980 | D:6      | Killed BillyBaka's ghost
 13306 | D:7      | Noticed croobank's ghost (novice GnFi)
 13570 | D:9      | Reached skill level 8 in Translocations
 13870 | D:9      | Noticed Maurice
 13880 | D:9      | Killed Maurice
 14160 | D:9      | Reached XP level 11. HP: 72/74 MP: 19/28
 14871 | D:10     | Entered Level 10 of the Dungeon
 14890 | D:10     | Learned a level 6 spell: Iron Shot
 14892 | D:10     | Noticed Amaemon
 14956 | D:10     | Found a flagged portal.
 14965 | Bailey   | Entered a bailey
 15699 | Bailey   | Identified the +1 great mace "Ricw" {heavy, Int+5 Dex+3
                  | Stlth+}
 15700 | Bailey   | Noticed an orc warlord
 15730 | Bailey   | Reached skill level 9 in Translocations
 16017 | Bailey   | Killed an orc warlord
 16018 | Bailey   | Reached skill level 10 in Spellcasting
 16295 | D:10     | Acquired the +7 demon trident of the Cursing Augurer
                  | {venom, rC+ Will- Str+3 Int+8}
 16736 | D:10     | Killed Amaemon
 16737 | D:10     | Reached skill level 10 in Translocations
 17357 | D:10     | Reached skill level 11 in Translocations
 17361 | D:10     | Reached skill level 1 in Earth Magic
 18160 | D:11     | Noticed a two-headed ogre
 18166 | D:11     | Killed a two-headed ogre
 18167 | D:11     | Reached skill level 5 in Earth Magic
 18238 | D:11     | Reached XP level 12. HP: 82/82 MP: 14/30
 18431 | D:3      | Bought a book of Sloth for 504 gold pieces
 18438 | D:3      | Learned a level 6 spell: Statue Form
 18644 | D:8      | Bought a red potion for 27 gold pieces
 18644 | D:8      | Bought a smoky ruby potion for 27 gold pieces
 18644 | D:8      | Bought a scroll labelled RAOCYD SAUTS for 30 gold pieces
 18740 | D:11     | Reached skill level 1 in Fighting
 19612 | D:11     | Found a staircase to the Orcish Mines.
 19932 | D:11     | Noticed a boulder beetle
 19952 | D:11     | Killed a boulder beetle
 20041 | D:11     | Noticed a sphinx
 20162 | D:11     | Killed a sphinx
 20163 | D:11     | Reached skill level 5 in Fighting
 20315 | D:11     | Noticed an ettin
 20324 | D:11     | Noticed an ettin
 20328 | D:11     | Killed an ettin
 20350 | D:11     | Killed an ettin
 20489 | D:11     | Found Vairusu's General Store.
 20543 | D:11     | Bought a potion of flight for 39 gold pieces
 20805 | D:11     | Reached skill level 1 in Transmutations
 21079 | Lair:1   | Entered Level 1 of the Lair of Beasts
 21079 | Lair:1   | Noticed Erica
 21239 | D:7      | Killed croobank's ghost
 21593 | Lair:1   | Killed Erica
 21791 | Lair:1   | Learned a level 5 spell: Borgnjor's Vile Clutch
 21993 | Lair:1   | Noticed Maggie
 21995 | Lair:1   | Reached skill level 5 in Transmutations
 22047 | Lair:1   | Killed Maggie
 22224 | Lair:1   | Reached skill level 1 in Necromancy
 23269 | Lair:2   | Reached XP level 13. HP: 78/104 MP: 5/31
 23702 | Lair:2   | Identified the +0 leather armour of Latrephi {Int+7}
 24031 | Lair:2   | Found a staircase to the Snake Pit.
 24651 | Lair:3   | Killed from afar by a rime drake

Illustrated notes

Levels and vault maps discovered:
D:1:      dpeg_arrival_houses_and_road, layout_loops_cross, dk_noncrumbling_4
D:2:      layout_loops_ring, serial_forest, infiniplex_forest_pool,
          infiniplex_forest_lined_3, infiniplex_forest_corner_2,
          infiniplex_forest_end_1, infiniplex_forest_clump_tiny,
          infiniplex_forest_straight_3, infiniplex_forest_lined_2,
          infiniplex_forest_clump_tiny, infiniplex_forest_corner_2,
          infiniplex_forest_clump_curved, minmay_pentomino_o2
D:3:      layout_loops_ring, serial_glass, glass_columns_c, glass_columns_b,
          glass_columns_a, glass_columns_b, glass_columns_b, glass_columns_a,
          glass_columns_b, glass_columns_c, glass_columns_a, glass_columns_c,
          glass_columns_a, glass_columns_c, glass_columns_a, glass_columns_b,
          serial_shops, shop, st_stairs_6, chequers_serial_rivers_marsh,
          minmay_close_crescents
D:4:      minmay_spotlight, layout_loops_cross, overflow_temple_1_default,
          uniq_menkaure, uniq_ijyb
D:5:      layout_loops_corners, makhleb_blood_cavern_becter, item_on_display_b
D:6:      layout_basic, mainiacjoe_overflow_alcove_2, lemuel_round_altar,
          minmay_temple_entry_proselytizer, gammafunk_ghost_nasty_kobolds,
          minmay_misc_feat_plants, uniq_grinder, uniq_edmund
D:7:      layout_rooms, gammafunk_ghost_gnarly_gnolls, uniq_crazy_yiuf_cottage,
          uniq_pikel
D:8:      layout_basic, nicolae_uskayaw_dance_studio, erik_lair_orcish_takeover,
          serial_shops, shop, uniq_grum, uniq_psyche
D:9:      layout_rooms, nicolae_titane, uniq_maurice
D:10:     layout_roguey, nemelex_spade_bored_becter,
          nicolae_yredelemnul_corpse_copse, grunt_temple_overflow_open,
          enter_bailey_3, minmay_misc_feat_square, uniq_amaemon
D:11:     minmay_glassy_protrusions, layout_rooms, zombieorc1_lemuel,
          serial_shops, nicolae_shop_tiny_statue_garden, nicolae_hexahallways
Lair:1:   layout_roguey, hangedman_lair_unloving_vines, uniq_erica, uniq_maggie
Lair:2:   layout_chaotic_city, dummy_snake_entry, grunt_megastairs_2
Lair:3:   layout_cave_pods, elwin_shoals_entry_stream,
          chequers_serial_rivers_room_b, bobbens_dragon_lair_wall

Skill      XL: |  1  2  3  4  5  6  7  8  9 10 11 12 13 |
---------------+----------------------------------------+-----
Spellcasting   | 2 3 4 5 6 8 9 10 | 10.0
Conjurations   | 4 5 6 7 8 9 10 | 10.2
Translocations | 2 4 6 8 11 | 11.0
Earth Magic    | 5 6 |  6.8
Fighting       | 6 |  6.6
Transmutations | 5 6 |  6.8
Necromancy     | 3 |  3.8
Dodging        | |  1.7
Stealth        | |  1.7

Action                     |  1- 3 |  4- 6 |  7- 9 | 10-12 | 13-15 || total
---------------------------+-------+-------+-------+-------+-------++-------
  Melee: Dagger            |    18 |    14 |    13 |     5 |       ||    50
         Punch             |       |     1 |       |       |       ||     1
         Demon trident     |       |       |       |    59 |    38 ||    97
         Short sword       |       |       |       |     3 |       ||     3
   Cast: Magic Dart        |   115 |   114 |   147 |    22 |       ||   398
         Searing Ray       |       |     7 |    54 |    12 |       ||    73
         Iskenderun's Myst |       |       |    14 |   369 |    45 ||   428
         Iskenderun's Batt |       |       |       |     2 |     1 ||     3
         Borgnjor's Vile C |       |       |       |     3 |       ||     3
    Use: Potion            |       |     3 |       |     8 |     5 ||    16
         Scroll            |       |       |       |    15 |     2 ||    17
 Armour: Robe              |     7 |       |       |       |       ||     7
         Leather armour    |       |    23 |    35 |    37 |       ||    95
         Troll leather arm |       |       |       |    35 |    28 ||    63
  Dodge: Dodged            |    20 |    36 |    54 |   148 |    41 ||   299
  Block: Buckler           |       |     1 |     9 |    28 |    10 ||    48
